 Dungeon Crawl Stone Soup version 0.20-a0-1114-g33edf32 (webtiles) character file.

1306 inmateoo the Skirmisher (level 8, 0/83 HPs)
             Began as an Ogre Necromancer on May 6, 2017.
             Slain by an ogre
             ... wielding a +0 giant club
              (28 damage)
             ... on level 5 of the Dungeon.
             The game lasted 00:13:20 (7908 turns).

inmateoo the Skirmisher (Ogre Necromancer)          Turns: 7908, Time: 00:13:21

Health: 0/83       AC:  1    Str: 15    XL:     8   Next: 57%
Magic:  0/15       EV: 11    Int: 16    God:
Gold:   213        SH:  0    Dex:  9    Spells: 9/17 levels left

rFire    . . .     SeeInvis .   u - +0 flail
rCold    . . .     Gourm    .   (no shield)
rNeg     . . .     Faith    .   o - -2 robe (curse)
rPois    .         Spirit   +   (helmet restricted)
rElec    .         Reflect  .   (no cloak)
rCorr    .         Harm     .   (gloves unavailable)
MR       .....                  (boots unavailable)
Stlth    +.........             m - amulet of guardian spirit
Regen    0.3/turn               (no ring)
MPRegen  0.2/turn               (no ring)

@: no status effects
A: unfitting armour, tough skin 1
a: no special abilities


You were on level 5 of the Dungeon.
You were very hungry.

You visited 1 branch of the dungeon, and saw 5 of its levels.

You collected 213 gold pieces.

Inventory:

Hand Weapons
 e - a +0 hunting sling
 k - a +1 mace
 u - a +0 flail (weapon)
 y - a +0 dagger of pain
 z - a +0 giant spiked club
Missiles
 d - 102 stones (quivered)
 n - 58 sling bullets
Armour
 a - a +1 robe
 o - a cursed -2 robe (worn)
Jewellery
 l - an uncursed amulet of the gourmand {unknown}
 m - an amulet of guardian spirit (around neck)
Wands
 x - a wand of confusion (21/48)
Scrolls
 f - 2 scrolls of magic mapping
 g - 2 scrolls of fog
 r - a scroll of enchant armour
 w - a scroll of enchant weapon
Potions
 h - a potion of heal wounds {unknown}
 j - a potion of invisibility {unknown}
 q - a potion of magic {unknown}
 s - a potion of cancellation {unknown}
 v - a potion of resistance
 A - a potion of agility {unknown}
Books
 b - a book of Necromancy

   Spells                             Type                      Level
   a - Pain                           Necromancy                   1
   b - Animate Skeleton               Necromancy                   1
   c - Vampiric Draining              Necromancy                   3
   d - Regeneration                   Charms/Necromancy            3
   e - Animate Dead                   Necromancy                   4
   f - Control Undead                 Necromancy                   4
 p - a book of Dreams

   Spells                             Type                      Level
   a - Ensorcelled Hibernation        Hexes/Ice                    2
   b - Silence                        Hexes/Air                    5
   c - Darkness                       Hexes                        6
   d - Shadow Creatures               Summoning                    6
Comestibles
 c - 4 bread rations
 i - 3 fruits
 t - a meat ration


   Skills:
 + Level 6.0 Fighting
 * Level 5.7 Maces & Flails
 + Level 3.4 Dodging
 - Level 1.4 Stealth
 + Level 5.2 Spellcasting
 - Level 4.4 Necromancy


You had 9 spell levels left.
You knew the following spells:

 Your Spells              Type           Power        Failure   Level  Hunger
a - Pain                  Necr           ###.         2%          1    None
b - Animate Skeleton      Necr           N/A          2%          1    None
c - Vampiric Draining     Necr           ###.......   7%          3    ###....
d - Regeneration          Chrm/Necr      ##........   19%         3    ###....


Dungeon Overview and Level Annotations

Branches:
Dungeon (5/15)
 Temple: D:4-7

Altars:
Qazlal
Uskayaw

Annotations:
D:5 Shinoi's ghost, amateur DECj


Innate Abilities, Weirdness & Mutations

You are too large for most types of armour.
You have tough skin. (AC +1)


Message History

The ogre barely misses you.
Your magical contamination has completely faded away.
You barely miss the ogre.
The ogre is heavily wounded.
The ogre barely misses you.
You hit the ogre.
The ogre is heavily wounded.
You barely miss the ogre.
The ogre is heavily wounded.
The ogre barely misses you.
You hit the ogre but do no damage.
The ogre is heavily wounded.
The ogre barely misses you.
You hit the ogre but do no damage.
The ogre is heavily wounded.
The ogre hits you with a giant club!!
You sock the ogre!
The ogre is almost dead.
The ogre hits you with a giant club!!
You die...

#....# .# #....## #.# #.#......
#.# #.##[.... # #.# #.#######
#.### #.#######........ ......#+#
#.#..............
...$..#.#########.#.#...#...#...#
>..$..........lO@....#.#...#.#...
..#.....#########.....#...#...#..
#(.....Ol......................
#....###########..#...#...#...#
#.... .........#.#...#%#... #....
>####.....#...#...#.. #..$.
#................ #....
#...#...#...#...# .....
#....#.#...#%#...


You could see an ogre and an iguana.

Vanquished Creatures
  The ghost of Leszczynek the Ruffian, a novice OgSu (D:4)
  The ghost of inmateoo the Grave Robber, an amateur OgNe (D:3)
  3 ogres
  A centaur (D:5)
  A water moccasin skeleton (D:4)
  A hound (D:4)
  3 orc wizards
  Terence (D:2)
  3 worker ants
  8 gnolls
  4 adders
  2 shadow imps
  An ooze (D:3)
  An adder skeleton (D:4)
  6 worms
  3 dart slugs
  2 leopard geckos
  11 orcs
  7 giant cockroaches
  8 goblins
  8 hobgoblins
  4 jackals (D:3)
  9 kobolds
  2 quokkas
  2 ball pythons
  10 bats
  6 frilled lizards
  A leopard gecko skeleton (D:3)
  9 rats
119 creatures vanquished.

Vanquished Creatures (others)
  An orc (D:5)
1 creature vanquished.

Grand Total: 120 creatures vanquished

Notes
Turn   | Place    | Note
-------+----------+-------------------------------------------
     0 | D:1      | inmateoo the Ogre Necromancer began the quest for the Orb.
     0 | D:1      | Reached XP level 1. HP: 16/16 MP: 3/3
    91 | D:1      | Reached skill level 1 in Fighting
   190 | D:1      | Reached skill level 2 in Fighting
   197 | D:1      | Reached XP level 2. HP: 25/28 MP: 5/5
   818 | D:2      | Reached skill level 1 in Maces & Flails
  1089 | D:2      | Reached XP level 3. HP: 32/36 MP: 6/6
  1386 | D:2      | Found a stormy altar of Qazlal.
  2153 | D:2      | Noticed Terence
  2160 | D:2      | Killed Terence
  2160 | D:2      | Reached skill level 3 in Fighting
  2160 | D:2      | Reached XP level 4. HP: 37/45 MP: 1/8
  3059 | D:3      | Learned a level 1 spell: Animate Skeleton
  3063 | D:3      | Learned a level 3 spell: Vampiric Draining
  3067 | D:3      | Learned a level 3 spell: Regeneration
  3121 | D:3      | Found a hide-covered altar of Uskayaw.
  3185 | D:3      | Reached XP level 5. HP: 12/53 MP: 2/9
  3310 | D:3      | Noticed inmateoo's ghost (amateur OgNe)
  3386 | D:3      | Killed inmateoo's ghost
  3386 | D:3      | Reached XP level 6. HP: 17/62 MP: 6/11
  4411 | D:4      | Noticed Leszczynek's ghost (novice OgSu)
  4473 | D:4      | Reached skill level 4 in Fighting
  4632 | D:4      | Reached XP level 7. HP: 30/71 MP: 5/12
  4929 | D:4      | Killed Leszczynek's ghost
  4929 | D:4      | Reached skill level 5 in Fighting
  5110 | D:4      | Reached XP level 8. HP: 44/80 MP: 7/15
  5232 | D:3      | HP: 4/80 [worker ant (6)]
  5522 | D:4      | Reached skill level 5 in Maces & Flails
  7040 | D:5      | Entered Level 5 of the Dungeon
  7053 | D:5      | Reached skill level 5 in Spellcasting
  7394 | D:5      | Reached skill level 6 in Fighting
  7616 | D:5      | Noticed Shinoi's ghost (amateur DECj)
  7908 | D:5      | Slain by an ogre

Vault maps used:
D:1:      dpeg_arrival_pond, minmay_tetromino_l2
D:2:      grunt_qazlal_clouds, uniq_terence
D:3:      eat_drink_and_be_merry_uskayaw
D:4:      first_bread
D:5:      cheibrodos_fzero, fedhas_altar_4, minmay_temple_entry_large_hall,
          kennysheep_slug_shrine

Skill      XL: |  1  2  3  4  5  6  7  8 |
---------------+-------------------------+-----
Fighting       | 2 3 4 5 6 |  6.0
Maces & Flails | 1 2 3 4 5 |  5.7
Spellcasting   | 3 4 5 |  5.2
Necromancy     | 4 |  4.4
Dodging        | 2 3 |  3.4
Stealth        | |  1.4

Action                   |  1- 3 |  4- 6 |  7- 9 || total
-------------------------+-------+-------+-------++-------
Melee: Unarmed           |     1 |    10 |    17 ||    28
       Whip              |    65 |    11 |       ||    76
       Mace              |       |   120 |   132 ||   252
       Flail             |       |       |    18 ||    18
 Fire: Hunting sling     |    84 |    58 |    51 ||   193
 Cast: Pain              |    19 |    24 |    16 ||    59
       Regeneration      |       |       |     5 ||     5
  Use: Scroll            |     5 |     5 |       ||    10
       Potion            |       |     2 |     5 ||     7
 Stab: Sleeping          |       |     1 |       ||     1
  Eat: Chunk             |     1 |     7 |     8 ||    16
       Bread ration      |     1 |       |       ||     1
       Fruit             |       |       |     2 ||     2
Armor: Robe              |    36 |    30 |    12 ||    78
       Skin              |       |    23 |    21 ||    44
Dodge: Dodged            |    63 |   107 |   112 ||   282
